 Dungeon Crawl Stone Soup version 0.22-a0-456-g11ed031617 (webtiles) character file.

545264 MirrMurr the Slayer (level 26, -6/172 HPs)
             Began as a Gargoyle Berserker on June 6, 2018.
             Was the Champion of Trog.
             Killed from afar by a deep elf sorcerer (46 damage)
             ... with damnation
             ... on level 3 of the Elven Halls on June 7, 2018.
             The game lasted 03:03:17 (62562 turns).

MirrMurr the Slayer (Gargoyle Berserker)           Turns: 62562, Time: 03:03:18

Health: -6/172     AC: 62    Str: 26      XL:     26   Next: 68%
Magic:  13/13      EV: 11    Int:  9 (10) God:    Trog [******]
Gold:   2889       SH: 26    Dex: 16      Spells: 25/25 levels left

rFire    + . .     SeeInvis +   a - +9 eveningstar (antimagic)
rCold    + . .     Gourm    .   u - +2 large shield {AC+3}
rNeg     + + .     Faith    .   R - +1 gold dragon scales
rPois    ∞         Spirit   .   z - +2 helmet
rElec    +         Reflect  .   E - +2 cloak
rCorr    +         Harm     .   V - +3 pair of gloves of Masochism {Regen+ MP+9 Dex+2 SInv}
MR       ++++.     Clarity  +   o - +2 pair of boots of the Assassin {Detection Stab+ Stlth++}
Stlth    ..........             y - amulet of the Four Winds {rN+ MR+++ Clar}
HPRegen  0.78/turn              g - ring of resist corrosion
MPRegen  0.13/turn              O - +5 ring of slaying

@: flying, drained
A: big wings, deterioration 1, frail 1, negative energy resistance 1,
electricity resistance, unbreathing, petrification resistance, no potion heal 1,
rot immunity, AC +20
}: 2/15 runes: decaying, serpentine
a: Stop Flying, Berserk, Trog's Hand, Brothers in Arms, Renounce Religion


You were on level 3 of the Elven Halls.
You worshipped Trog.
Trog was exalted by your worship.
You were hungry.

You visited 9 branches of the dungeon, and saw 45 of its levels.
You visited the Abyss 1 time.
You also visited: Trove and Ice Cave.

You collected 5907 gold pieces.
You spent 3018 gold pieces at shops.

Inventory:

Hand Weapons
 a - a +9 antimagic eveningstar (weapon)
 b - a +2 hand crossbow of velocity
 q - a +0 blowgun
 w - a +6 demon whip of electrocution
 F - a +8 sacred scourge of holy wrath
Missiles
 d - 4 throwing nets {!f}
 l - 1976 bolts
 n - 5 poisoned javelins (quivered)
 p - 8 javelins
 D - 129 poisoned needles
 U - 2012 stones
 Z - 23 curare-tipped needles
Armour
 o - the +2 pair of boots of the Assassin (worn) {Detection Stab+ Stlth++}
   (You acquired it on level 1 of the Orcish Mines)

   It makes you much more stealthy.
 u - a +2 large shield of protection (worn)
 z - a +2 helmet (worn)
 E - a +2 cloak (worn)
 R - +1 gold dragon scales (worn)
 V - the +3 pair of gloves of Masochism (worn) {Regen+ MP+9 Dex+2 SInv}
   (You found it in a treasure trove)

   It affects your dexterity (+2).
   It affects your magic capacity (+9).
   It lets you see invisible.
   It increases your rate of regeneration.
Jewellery
 g - a ring of resist corrosion (left hand)
 m - the ring of Jukaakli {+Blink rC+ Stlth-}
   (You found it in an ice cave)

   [ring of loudness]

   It protects you from cold.
   It lets you blink.
   It makes you less stealthy.
 y - the amulet of the Four Winds (around neck) {rN+ MR+++ Clar}
   (You found it on level 5 of the Dungeon)

   [amulet of nothing]

   It protects you from negative energy.
   It affects your resistance to hostile enchantments.
   It protects you against confusion.
 C - an uncursed ring of protection from fire
 O - a +5 ring of slaying (right hand)
Wands
 k - a wand of paralysis (31)
 H - a wand of scattershot (6)
 I - a wand of acid (27)
 K - a wand of digging (63)
 L - a wand of iceblast (24)
Scrolls
 f - 5 scrolls of immolation
 h - 12 scrolls of teleportation
 i - 3 scrolls of identify
 j - a scroll of silence
 r - 18 scrolls of remove curse
 t - 5 scrolls of magic mapping
 x - 6 scrolls of blinking
 J - 2 scrolls of fog
 P - 5 scrolls of fear
 X - 2 scrolls of summoning
Potions
 e - 7 potions of might
 s - 3 potions of haste
 v - 6 potions of heal wounds
 B - 13 potions of curing
 M - 3 potions of invisibility
 N - 2 potions of resistance
 S - 3 potions of ambrosia
 T - 6 potions of agility
 W - 2 potions of mutation
 Y - 2 potions of cancellation
Miscellaneous
 A - a phial of floods
 G - 4 boxes of beasts
Comestibles
 c - 41 rations
 Q - 4 chunks of flesh


   Skills:
 * Level 26.7(26.5) Fighting
 - Level 16.0(15.8) Maces & Flails
 - Level 10.0(9.8) Crossbows
 + Level 18.2(18.0) Armour
 + Level 10.5(10.4) Dodging
 + Level 21.5(21.4) Shields
 - Level 10.0(9.8) Evocations


You had 25 spell levels left.
You didn't know any spells.
Your spell library was empty.

Dungeon Overview and Level Annotations

Branches:
Dungeon (15/15)            Temple (1/1) D:7            Lair (6/6) D:8
  Swamp (4/4) Lair:2        Snake (4/4) Lair:2        Slime (0/5) Lair:6
    Orc (2/2) D:11            Elf (3/3) Orc:2        Vaults (5/5) D:14
  Crypt (0/3) Vaults:2     Depths (5/5) D:15            Zot (0/5) Depths:5

Altars:
Ashenzari
Cheibriados
Dithmenos
Elyvilon
Kikubaaqudgha
Makhleb
Okawaru
Qazlal
Ru
Trog
Vehumet
Wu Jian
Xom
Zin
The Shining One
Beogh
Jiyva
Lugonu

Shops:
D:11 (   D:14 }   Orc:1 (%}?   Orc:2 %([%   Elf:1 %   Elf:2 %   Vaults:3 *
Depths:1 =}=   Depths:4 *

Portals:
Hell: Depths:1 Depths:2 Depths:3 Depths:4 Depths:5
Abyss: Depths:4
Pandemonium: Depths:2 Depths:3 Depths:4
Ziggurat: Depths:2

Annotations:
Elf:2 3 runed doors


Innate Abilities, Weirdness & Mutations

You are resistant to torment.
Your stone body is resilient. (AC +20)
You are immune to poison.
Your large and strong wings let you fly indefinitely.
You resist negative energy. (rN+)
You are resistant to electric shocks. (rElec)
You can survive without breathing.
You are immune to petrification.
You are immune to rotting.
Your body sometimes deteriorates upon taking damage.
You are frail. (-10% HP)
Potions are less effective at restoring your health.


Message History

a longbow; a leather armour; 23 arrows; an enchanted long sword a leather armour The deep elf sorcerer seems less brilliant.
The deep elf sorcerer is empowered by something's aura!
The deep elf sorcerer howls an incantation.
You feel troubled.
There is a large open door here.
The deep elf demonologist seems less brilliant.
The Hell Sentinel gestures at you. You block the iron shot.
The deep elf sorcerer points at you and mumbles some strange words.
The bolt of acid hits you! You resist.
* * * LOW HITPOINT WARNING * * *
You are splashed with acid!
The acid burns!
You resist.
* * * LOW HITPOINT WARNING * * *
The deep elf sorcerer is no longer moving quickly.
The deep elf demonologist gestures wildly while chanting.
The deep elf sorcerer casts a spell at you.
The sphere of damnation explodes!
The damnation engulfs you!
You die...

##.....## #.......######
#.......# #.......'....'
#<......# ##.......######
#.......# ##'.......# ##
##.....'## ##.###...### #.
#.....#.###.## ##### #.
###'####.#.## ##
###=#####)#################
###..)......@................
###............................
#....≈≈≈≈≈.....................
##..≈≈≈≈≈≈≈≈≈...................
#..≈≈≈#####≈≈≈≈≈≈≈≈1..≈≈≈≈≈≈≈≈≈≈
##..≈≈##,,,##≈≈≈≈≈≈≈≈..≈≈≈≈≈≈≈≈≈≈
#..≈≈##,,,,,#########e'##########
#..≈≈#,,,,,,,+.........e....(....
#.(≈≈#,,,8,,,+............)()....


You could see a Hell Sentinel, a deep elf sorcerer and a deep elf demonologist.

Vanquished Creatures
  Mara (Vaults:4)
  A juggernaut (Depths:5)
  Mennas (Vaults:2)
  Boris (Vaults:4)
  Xtahua (Depths:3)
  Bai Suzhen (Depths:3)
  Saint Roka (Orc:2)
  Nikola (Swamp:1)
  2 golden dragons (Depths:5)
  A bone dragon (Abyss:3)
  the Enchantress (Depths:1)
  Jorgrun (Swamp:2)
  3 tentacled monstrosities
  4 liches
  Rupert (D:14)
  A titan (Depths:4)
  A deep elf blademaster (Elf:3)
  A quicksilver dragon (Depths:5)
  2 deep elf master archers (Elf:3)
  2 tentacled starspawn
  3 sphinxes
  2 tengu reavers
  2 storm dragons
  3 shadow dragons
  Kirke (Swamp:2)
  Donald (Swamp:2)
  Roxanne (Swamp:4)
  A draconian knight (Depths:5)
  A thorn hunter (Swamp:1)
  6 nagarajas (Snake:4)
  2 iron dragons
  12 frost giants
  4 fire giants
  Aizul (Lair:2)
  Louise (Swamp:2)
  2 deep elf sorcerers
  An orc warlord (Orc:1)
  10 ironheart preservers
  11 vault wardens
  6 deep elf elementalists
  15 very ugly things
  3 spriggan defenders (Depths:1)
  A stone giant (shapeshifter) (Depths:5)
  2 entropy weavers
  3 deep elf demonologists
  7 vampire knights
  18 stone giants
  2 green draconians (Depths:5)
  2 purple draconians (Depths:5)
  14 spark wasps
  A white draconian (Depths:5)
  A red draconian (Depths:5)
  An eidolon (Vaults:2)
  5 dire elephants (Lair:6)
  6 deep elf death magi
  12 fire dragons
  7 ettins
  17 yaktaur captains
  2 rakshasas
  7 great orbs of eyes
  28 hydras
  19 ogre magi
  9 ice dragons
  9 vault guards
  11 naga warriors
  4 spriggan air magi
  7 centaur warriors
  7 anacondas
  4 ghost crabs
  Erica (D:9)
  A death knight (Vaults:3)
  64 two-headed ogres
  10 dancing weapons
  14 alligators
  2 catoblepae
  3 thrashing horrors (Abyss:3)
  10 tengu warriors
  13 deep troll earth magi
  A small abomination (Elf:1)
  10 deep troll shamans
  2 orc high priests (Orc:2)
  4 death yaks
  14 naga sharpshooters
  8 spriggan berserkers
  5 shock serpents
  20 deep elf knights
  Sonja (D:12)
  13 spriggans
  A fire crab (Swamp:4)
  A fire crab (shapeshifter) (Vaults:3)
  A salamander mystic (Snake:3)
  3 iron trolls
  A wretched star (Abyss:3)
  3 unseen horrors
  12 skeletal warriors
  5 sea snakes
  6 wizards
  3 spriggan druids (Swamp:4)
  A lindwurm (Swamp:4)
  2 shambling mangroves (Swamp:4)
  47 deep trolls
  8 swamp dragons
  8 naga ritualists
  4 glowing orange brains
  Pikel (D:6)
  10 deep elf archers
  8 ironbrand convokers
  9 orc knights
  3 flayed ghosts
  7 mana vipers
  2 phantasmal warriors (Depths:3)
  A mana viper (shapeshifter) (Elf:2)
  88 ugly things
  A shining eye (shapeshifter) (Vaults:3)
  2 wolf spiders
  A salamander (shapeshifter) (Elf:1)
  3 orc sorcerers
  3 shining eyes (Depths:2)
  16 cyclopes
  7 salamanders
  49 deep elf magi
  11 vault sentinels
  32 black mambas
  2 manticores
  16 elephants
  2 guardian serpents
  An apocalypse crab (Abyss:3)
  A black mamba (shapeshifter) (Elf:2)
  22 naga magi
  A gargoyle (D:11)
  16 spiny frogs
  5 centaur zombies
  A torpor snail (shapeshifter) (Elf:1)
  2 ice statues (IceCv)
  Psyche (D:8)
  A storm dragon simulacrum (Vaults:3)
  59 yaktaurs
  5 spectral swamp worms (Depths:2)
  6 rime drakes
  8 komodo dragons
  A freezing wraith (Vaults:2)
  3 tengu conjurers
  A queen bee (shapeshifter) (Vaults:3)
  8 trolls
  The ghost of mrRosa the Magician, a novice DEWz of Vehumet (D:8)
  A jumping spider (Vaults:4)
  3 merfolk (shapeshifter)
  A merfolk (D:11)
  10 tyrant leeches
  A tengu simulacrum (Vaults:2)
  A blink frog (shapeshifter) (Vaults:4)
  13 bog bodies
  A polar bear (Lair:6)
  A harpy skeleton (D:15)
  23 hornets
  38 slime creatures
  18 blink frogs
  A frost giant simulacrum (Vaults:2)
  A large abomination (Abyss:3)
  12 hippogriffs
  5 redbacks
  6 shadows
  A tarantella (shapeshifter) (D:15)
  A tarantella (Vaults:2)
  3 air elementals
  A vampire (D:15)
  5 water elementals
  2 wyverns
  55 yaks
  A steam dragon (Swamp:4)
  4 hogs (Swamp:2)
  A basilisk (shapeshifter) (Depths:5)
  A golden eye (shapeshifter) (Depths:1)
  8 basilisks
  4 fire elementals
  2 hungry ghosts
  A neqoxec (Abyss:3)
  Menkaure (D:4)
  20 vampire mosquitoes
  4 wargs
  4 insubstantial wisps
  54 nagas
  5 acid dragons
  A soldier ant (shapeshifter) (Vaults:3)
  21 swamp worms
  An acid dragon (shapeshifter) (Elf:1)
  17 water moccasins
  8 porcupines
  3 floating eyes
  A sky beast (D:7)
  17 ice beasts
  2 phantoms
  51 orc warriors
  11 swamp drakes
  A hornet zombie (D:12)
  A black bear (D:11)
  A necrophage (D:7)
  15 boggarts
  18 centaurs
  5 wolves (Lair:4)
  40 ogres
  A big kobold (shapeshifter) (Vaults:2)
  16 bullfrogs
  18 crocodiles
  2 big kobolds
  A wyvern zombie (D:11)
  4 earth elementals
  A scorpion (D:8)
  A wyvern skeleton (D:12)
  48 killer bees
  10 wights
  3 electric eels
  3 howler monkeys
  7 crimson imps
  A lava snake (Swamp:4)
  A human simulacrum (Vaults:3)
  6 starcursed masses (Abyss:3)
  A quasit (D:8)
  2 bullfrog zombies (D:13)
  An iron imp (D:8)
  4 jellies
  25 orc priests
  6 hounds
  39 orc wizards
  2 bullfrog skeletons
  5 centaur skeletons
  2 iguanas
  Jessica (D:3)
  8 worker ants
  A hound skeleton (D:4)
  A howler monkey zombie (D:5)
  A worker ant zombie (D:8)
  4 gnolls (D:7)
  15 adders
  6 shadow imps
  4 adder skeletons
  An adder zombie (D:6)
  2 worms
  5 dart slugs
  3 leopard geckos
  108 orcs
  10 bats
  3 giant cockroaches
  11 goblins
  11 hobgoblins
  11 jackals
  6 quokkas
  5 ball pythons
  4 frilled lizards
  A jackal skeleton (D:8)
  16 kobolds
  A leopard gecko skeleton (D:5)
  A quokka skeleton (D:6)
  4 rats
  A bush (D:2)
  4 crawling corpses (Elf:3)
  A lurking horror (Depths:1)
  4 plants (Lair:6)
  5 starspawn tentacles
2039 creatures vanquished.

Vanquished Creatures (collateral kills)
  A deep elf mage (Elf:3)
  A small abomination (Elf:3)
  A blink frog (Lair:5)
  A yak (D:10)
  A crawling corpse (Elf:3)
5 creatures vanquished.

Vanquished Creatures (others)
  A vampire knight (Depths:4)
  An alligator (Swamp:1)
  A deep elf knight (Elf:1)
  A fire crab (Swamp:4)
  A shadow wraith (Vaults:4)
  A swamp dragon (Swamp:4)
  A wizard (Vaults:1)
  A naga mage (Snake:2)
  A komodo dragon (Lair:6)
  A hornet (Swamp:2)
  A tyrant leech (Swamp:4)
  2 blink frogs (Swamp:4)
  A spriggan (Swamp:2)
  2 humans (Swamp:2)
  A hog (Swamp:2)
  A steam dragon (Swamp:4)
  3 nagas (Snake:4)
  3 slaves (D:7)
  7 swamp drakes (Swamp:4)
  2 boggarts (Depths:4)
  An ogre (Depths:2)
  A hound (D:7)
  2 gnolls (D:7)
  3 orcs
  A briar patch (Swamp:1)
  6 bushes
  17 fungi
  61 plants
  11 starspawn tentacles
136 creatures vanquished.

Grand Total: 2180 creatures vanquished

Notes
Turn   | Place    | Note
-------+----------+-------------------------------------------
     0 | D:1      | MirrMurr the Gargoyle Berserker began the quest for the Orb.
     0 | D:1      | Reached XP level 1. HP: 14/14 MP: 1/1
    58 | D:1      | Reached XP level 2. HP: 15/19 MP: 2/2
   228 | D:1      | Reached XP level 3. HP: 22/23 MP: 3/3
   482 | D:1      | Reached ** piety under Trog
  1671 | D:3      | Noticed Jessica
  1689 | D:3      | Reached XP level 4. HP: 18/29 MP: 4/4
  1696 | D:3      | Killed Jessica
  1880 | D:3      | Found an iron altar of Okawaru.
  2071 | D:3      | Reached skill level 4 in Fighting
  2071 | D:3      | Reached skill level 1 in Shields
  2071 | D:3      | Reached XP level 5. HP: 24/33 MP: 5/5
  2435 | D:3      | Noticed an ogre
  2448 | D:3      | Killed an ogre
  2448 | D:3      | Reached XP level 6. HP: 35/39 MP: 6/6
  2825 | D:3      | Reached skill level 5 in Maces & Flails
  3298 | D:4      | Reached XP level 7. HP: 40/44 MP: 7/7
  3554 | D:4      | Noticed Menkaure
  3567 | D:4      | Killed Menkaure
  3567 | D:4      | Reached skill level 5 in Fighting
  4336 | D:5      | Entered Level 5 of the Dungeon
  4510 | D:5      | Reached XP level 8. HP: 41/49 MP: 8/8
  4589 | D:5      | Reached skill level 5 in Armour
  4855 | D:5      | Reached *** piety under Trog
  4898 | D:5      | Found the amulet of the Four Winds {rN+ MR+++ Clar}
  5342 | D:5      | Found a radiant altar of Vehumet.
  5343 | D:5      | Found an ornate altar of the Wu Jian Council.
  5391 | D:6      | Found a bloodstained altar of Trog.
  5617 | D:6      | Reached skill level 6 in Fighting
  5668 | D:6      | Found a bloodstained altar of Trog.
  5816 | D:6      | Found a glowing silver altar of Zin.
  5917 | D:6      | Reached XP level 9. HP: 34/56 MP: 9/9
  6012 | D:6      | Reached skill level 5 in Shields
  6270 | D:7      | Noticed Pikel
  6290 | D:6      | Killed Pikel
  6436 | D:7      | Reached **** piety under Trog
  6472 | D:7      | Reached skill level 7 in Fighting
  6715 | D:7      | Noticed a five-headed hydra
  7080 | D:7      | Killed a five-headed hydra
  7080 | D:7      | Reached XP level 10. HP: 63/63 MP: 10/10
  7170 | D:7      | Found a staircase to the Ecumenical Temple.
  7505 | D:8      | Found a snail-covered altar of Cheibriados.
  7507 | D:8      | Noticed a two-headed ogre
  7512 | D:8      | Received a gift from Trog
  7520 | D:8      | Killed a two-headed ogre
  7520 | D:8      | Reached skill level 8 in Fighting
  7520 | D:8      | Reached skill level 10 in Maces & Flails
  7575 | D:8      | Noticed mrRosa's ghost (novice DEWz)
  7594 | D:8      | Killed mrRosa's ghost
  7612 | D:8      | Noticed a two-headed ogre
  7625 | D:8      | Killed a two-headed ogre
  7794 | D:8      | Noticed a two-headed ogre
  7802 | D:8      | Killed a two-headed ogre
  7853 | Temple   | Entered the Ecumenical Temple
  7932 | D:8      | Reached XP level 11. HP: 59/69 MP: 11/11
  8274 | D:8      | Reached skill level 9 in Fighting
  8289 | D:8      | Found a staircase to the Lair.
  8512 | D:8      | Found a shattered altar of Ashenzari.
  8531 | D:8      | Found a shadowy altar of Dithmenos.
  8559 | D:8      | Noticed Psyche
  8576 | D:8      | Killed Psyche
  8592 | D:8      | Found a burning altar of Makhleb.
  8593 | D:8      | Found a shimmering altar of Xom.
  9064 | D:9      | Found a sacrificial altar of Ru.
  9067 | D:9      | Reached ***** piety under Trog
  9134 | D:9      | Found a white marble altar of Elyvilon.
  9163 | D:9      | Noticed Erica
  9186 | D:9      | Killed Erica
  9596 | D:10     | Entered Level 10 of the Dungeon
 10434 | D:11     | Noticed a two-headed ogre
 10447 | D:11     | Killed a two-headed ogre
 10719 | D:11     | Killed an unseen horror
 10813 | D:11     | Got a transparent iron ring
 10960 | D:11     | Found a burning altar of Makhleb.
 10994 | D:11     | Reached XP level 12. HP: 75/77 MP: 12/12
 11200 | D:11     | Reached skill level 10 in Fighting
 11283 | D:11     | Found Syolojig's Weapon Shoppe.
 11302 | D:11     | Bought a +2 hand crossbow of freezing for 311 gold pieces
 11302 | D:11     | Bought a +0 morningstar for 68 gold pieces
 11341 | D:11     | Found a roughly hewn altar of Beogh.
 11619 | D:11     | Found a staircase to the Orcish Mines.
 11887 | Lair:1   | Entered Level 1 of the Lair of Beasts
 12081 | Lair:1   | Reached skill level 10 in Armour
 12377 | Lair:1   | Identified the ring "Qap Jal" {*Slow rElec rF+ Str+4} (You found it on level 11 of the Dungeon)
 13134 | Lair:1   | Reached skill level 10 in Shields
 13909 | Lair:2   | Noticed a five-headed hydra
 13917 | Lair:2   | Killed a five-headed hydra
 14086 | Lair:2   | Found a staircase to the Swamp.
 14132 | Lair:2   | Received a gift from Trog
 14135 | Lair:2   | Reached XP level 13. HP: 50/84 MP: 13/13
 14292 | Lair:2   | Reached skill level 11 in Fighting
 14547 | Lair:2   | Found a staircase to the Snake Pit.
 16971 | Lair:4   | Got a brightly glowing zirconium amulet
 17893 | Lair:5   | Identified the amulet "Daloely" {Reflect *Corrode rPois rC+ Int+4 SH+2} (You found it on level 4 of the Lair of Beasts)
 17944 | Lair:5   | Received a gift from Trog
 18201 | Lair:5   | Reached skill level 12 in Fighting
 18201 | Lair:5   | Gained mutation: Your large and strong wings let you fly indefinitely. [Gargoyle growth]
 18201 | Lair:5   | Reached XP level 14. HP: 85/92 MP: 14/14
 18291 | Lair:5   | Reached skill level 15 in Maces & Flails
 18420 | Lair:6   | Entered Level 6 of the Lair of Beasts
 19702 | Lair:6   | Found a viscous altar of Jiyva.
 19702 | Lair:6   | Found a staircase to the Slime Pits.
 20109 | Lair:6   | Noticed a dire elephant
 20109 | Lair:6   | Noticed a dire elephant
 20127 | Lair:6   | Killed a dire elephant
 20131 | Lair:6   | Killed a dire elephant
 20387 | Lair:6   | Noticed a dire elephant
 20423 | Lair:6   | Killed a dire elephant
 20531 | Lair:6   | Noticed a dire elephant
 20546 | Lair:6   | Killed a dire elephant
 20796 | Lair:6   | Noticed a dire elephant
 20817 | Lair:6   | Killed a dire elephant
 21024 | Lair:6   | Found a viscous altar of Jiyva.
 21025 | Lair:6   | Found a staircase to the Slime Pits.
 21786 | D:12     | Found the +4 arc blade {discharge, rElec}
 22179 | D:12     | Noticed Sonja
 22251 | D:12     | Killed Sonja
 22251 | D:12     | Received a gift from Trog
 22251 | D:12     | Reached skill level 13 in Fighting
 22251 | D:12     | Reached XP level 15. HP: 92/98 MP: 15/15
 23811 | D:14     | Found a frozen archway.
 23841 | IceCv    | Entered an ice cave
 24525 | IceCv    | Got a serpentine pewter ring
 24632 | D:14     | Identified the ring of Jukaakli {+Blink rC+ Stlth-} (You found it in an ice cave)
 25133 | D:14     | Noticed Rupert
 25154 | D:14     | Killed Rupert
 25154 | D:14     | Reached skill level 14 in Fighting
 25357 | D:14     | Found a glowing golden altar of the Shining One.
 25430 | D:14     | Found a gate to the Vaults.
 25469 | D:14     | Received a gift from Trog
 25594 | D:14     | Found Nopruihe's Gadget Boutique.
 25759 | D:15     | Entered Level 15 of the Dungeon
 25803 | D:15     | Reached ****** piety under Trog
 26077 | D:15     | Reached XP level 16. HP: 107/107 MP: 5/16
 26110 | D:15     | Found a staircase to the Depths.
 26620 | D:15     | Found a stormy altar of Qazlal.
 26641 | D:15     | Reached skill level 15 in Fighting
 26799 | D:15     | Received a gift from Trog
 26822 | D:15     | Reached skill level 15 in Armour
 27042 | Orc:1    | Entered Level 1 of the Orcish Mines
 27042 | Orc:1    | Found a roughly hewn altar of Beogh.
 27048 | Orc:1    | Found Musi's Magic Scroll Emporium.
 27052 | Orc:1    | Found Nudyw's Gadget Shop.
 27056 | Orc:1    | Bought a scroll of acquirement for 624 gold pieces
 27057 | Orc:1    | Found the +2 pair of boots of the Assassin {Detection Stab+ Stlth++}
 27509 | Orc:1    | Found Mikluq's Antique Weapon Shop.
 27638 | Orc:1    | Found Cani's Food Shoppe.
 27725 | Orc:2    | Entered Level 2 of the Orcish Mines
 27755 | Orc:2    | Found a burning altar of Makhleb.
 27780 | Orc:2    | Found a staircase to the Elven Halls.
 27941 | Orc:2    | Found a roughly hewn altar of Beogh.
 27959 | Orc:2    | Received a gift from Trog
 28035 | Orc:2    | Found a roughly hewn altar of Beogh.
 28100 | Orc:2    | Noticed Saint Roka
 28484 | Orc:2    | Found a roughly hewn altar of Beogh.
 28553 | Orc:2    | Killed Saint Roka
 28553 | Orc:2    | Reached skill level 1 in Crossbows
 28553 | Orc:2    | Reached skill level 15 in Shields
 28720 | Orc:2    | Found Inisuiqi's Food Shoppe.
 28794 | Orc:2    | Found a roughly hewn altar of Beogh.
 28797 | Orc:2    | Found Yfroam's Book Shop.
 28952 | Orc:2    | Found Moiraige's Antique Armour Emporium.
 28952 | Orc:2    | Found a roughly hewn altar of Beogh.
 28958 | Orc:2    | Received a gift from Trog
 28982 | Orc:2    | Found Roproll's Antique Weapon Shoppe.
 29028 | Orc:2    | Found a roughly hewn altar of Beogh.
 29122 | Orc:2    | Found a roughly hewn altar of Beogh.
 29128 | Orc:2    | Found Seseec's Food Shoppe.
 29317 | Orc:2    | Bought a brightly glowing plate armour for 644 gold pieces
 29317 | Orc:2    | Bought a runed helmet for 172 gold pieces
 29327 | Orc:2    | Identified the cursed +0 plate armour of Quog {+Fly rElec rF+ MR+} (You bought it in a shop on level 2 of the Orcish Mines)
 29355 | Orc:2    | Bought a shiny plate armour for 598 gold pieces
 29612 | Orc:1    | Bought a scroll of blinking for 90 gold pieces
 29612 | Orc:1    | Bought a scroll of fog for 24 gold pieces
 29768 | Swamp:1  | Entered Level 1 of the Swamp
 29791 | Swamp:1  | Noticed a thorn hunter
 29803 | Swamp:1  | Killed a thorn hunter
 30049 | Swamp:1  | Reached skill level 16 in Fighting
 30331 | Swamp:1  | Reached XP level 17. HP: 96/115 MP: 5/17
 30701 | Swamp:1  | Noticed Nikola
 30724 | Swamp:1  | Killed Nikola
 31501 | Swamp:2  | Received a gift from Trog
 31555 | Swamp:2  | Noticed Kirke
 31571 | Swamp:2  | Killed Kirke
 31701 | Swamp:2  | Noticed Louise
 31721 | Swamp:2  | Killed Louise
 31862 | Swamp:2  | Noticed Donald
 31873 | Swamp:2  | Killed Donald
 31922 | Swamp:2  | Noticed Jorgrun
 32256 | Swamp:2  | Killed Jorgrun
 32256 | Swamp:2  | Reached skill level 5 in Crossbows
 32256 | Swamp:2  | Reached skill level 5 in Dodging
 32655 | Swamp:3  | Reached skill level 17 in Fighting
 33262 | Swamp:4  | Entered Level 4 of the Swamp
 33262 | Swamp:4  | Noticed Roxanne
 33273 | Swamp:4  | Killed Roxanne
 33389 | Swamp:4  | Received a gift from Trog
 33402 | Swamp:4  | Got a shimmering hand crossbow {god gift}
 33405 | Swamp:4  | Identified the +1 hand crossbow "Kuytilae" {freeze, Dex+4} (Trog gifted it to you on level 4 of the Swamp)
 34383 | Swamp:4  | Reached XP level 18. HP: 105/124 MP: 6/18
 34670 | Swamp:4  | Reached skill level 18 in Fighting
 34700 | Swamp:4  | Received a gift from Trog
 34900 | Swamp:4  | Found an ancient bone altar of Kikubaaqudgha.
 35260 | Swamp:4  | Got a decaying rune of Zot
 35398 | Snake:1  | Entered Level 1 of the Snake Pit
 35398 | Snake:1  | Noticed Aizul
 35422 | Lair:2   | Killed Aizul
 35429 | Snake:1  | Received a gift from Trog
 37155 | Snake:2  | Received a gift from Trog
 37957 | Snake:3  | Received a gift from Trog
 37983 | Snake:3  | Reached skill level 19 in Fighting
 38749 | Snake:4  | Entered Level 4 of the Snake Pit
 38793 | Snake:4  | Reached XP level 19. HP: 132/132 MP: 19/19
 38794 | Snake:4  | Reached XP level 20. HP: 139/139 MP: 19/23
 39294 | Snake:4  | Reached XP level 21. HP: 126/144 MP: 8/24
 39548 | Snake:4  | Received a gift from Trog
 40189 | Snake:4  | Received a gift from Trog
 40938 | Snake:4  | Reached skill level 20 in Fighting
 40957 | Snake:4  | Got a serpentine rune of Zot
 41315 | Vaults:1 | Entered Level 1 of the Vaults
 42641 | Vaults:2 | Found a staircase to the Crypt.
 42792 | Vaults:2 | Received a gift from Trog
 43484 | Vaults:2 | Noticed Mennas
 43496 | Vaults:2 | Killed Mennas
 43664 | Vaults:2 | Identified the ring "Korotimmoe" {rC+ MR+} (You took it off an orc on level 2 of the Vaults)
 43785 | Vaults:2 | Reached XP level 22. HP: 153/153 MP: 8/25
 44062 | Vaults:2 | Received a gift from Trog
 44170 | Vaults:2 | Reached skill level 21 in Fighting
 44368 | Vaults:2 | Received a gift from Trog
 44692 | Vaults:3 | Received a gift from Trog
 44848 | Vaults:3 | Reached skill level 10 in Dodging
 45400 | Vaults:3 | Cast into level 3 of the Abyss (vault warden)
 45403 | Abyss:3  | Found a corrupted altar of Lugonu.
 45528 | Abyss:3  | Found a corrupted altar of Lugonu.
 45548 | Abyss:3  | Found a corrupted altar of Lugonu.
 45562 | Abyss:3  | Received a gift from Trog
 45562 | Abyss:3  | Reached skill level 10 in Crossbows
 45581 | Vaults:3 | Escaped the Abyss
 45962 | Vaults:3 | Gained mutation: Potions are less effective at restoring your health. [a shining eye]
 45964 | Vaults:3 | Gained mutation: You tend to lose your temper in combat. [a shining eye]
 46133 | Vaults:3 | Reached skill level 22 in Fighting
 46776 | Vaults:3 | Received a gift from Trog
 46802 | Vaults:3 | Found Ulegant's General Store.
 46852 | Vaults:3 | Bought the cursed +0 pair of gloves "Ohogul" {+Fly rF+ MR+ Regen+} for 487 gold pieces
 47028 | Vaults:4 | Reached XP level 23. HP: 158/163 MP: 8/26
 47307 | Vaults:4 | Noticed Boris
 47403 | Vaults:4 | Killed Boris
 47403 | Vaults:4 | Reached skill level 23 in Fighting
 47421 | Vaults:4 | Received a gift from Trog
 47535 | Vaults:4 | Received a gift from Trog
 47587 | Vaults:4 | Found a portal to a secret trove of treasure.
 48210 | Vaults:4 | Noticed Mara
 48212 | Vaults:4 | Noticed MirrMurr's illusion
 48296 | Vaults:4 | Killed Mara
 48481 | Vaults:4 | Received a gift from Trog
 48543 | Vaults:5 | Entered Level 5 of the Vaults
 48732 | Depths:1 | Entered Level 1 of the Depths
 48901 | Depths:1 | Found a gateway to Hell.
 49003 | Depths:1 | Found a corrupted altar of Lugonu.
 49133 | Depths:1 | Found a transporter.
 49287 | Depths:1 | Reached skill level 5 in Evocations
 49650 | Depths:1 | Noticed the Enchantress
 49668 | Depths:1 | Killed the Enchantress
 49778 | Depths:1 | Found Roadaczo's Jewellery Emporium.
 49780 | Depths:1 | Found Maroofik's Gadget Shop.
 49781 | Depths:1 | Found Feppibro's Jewellery Emporium.
 50106 | Depths:1 | Received a gift from Trog
 50297 | Depths:1 | Paralysed by accursed screaming for 1 turns
 50303 | Depths:1 | Paralysed by accursed screaming for 2 turns
 50307 | Depths:1 | Paralysed by accursed screaming for 2 turns
 51172 | Depths:2 | Reached XP level 24. HP: 172/172 MP: 9/27
 51353 | Depths:2 | Reached skill level 24 in Fighting
 51563 | Depths:2 | You are sucked into a shaft!
 51563 | Depths:3 | Noticed Xtahua
 51568 | Depths:3 | Noticed Bai Suzhen
 51594 | Depths:3 | Killed Bai Suzhen
 51764 | Depths:3 | Killed Xtahua
 51803 | Depths:3 | Received a gift from Trog
 51846 | Depths:3 | Found a one-way gate leading to the halls of Pandemonium.
 51879 | Depths:2 | Found a gateway to a ziggurat.
 51882 | Depths:2 | Paralysed by a floating eye for 2 turns
 51888 | Depths:2 | Paralysed by a floating eye for 3 turns
 52227 | Depths:2 | Received a gift from Trog
 52402 | Depths:2 | Paralysed by a floating eye for 4 turns
 52419 | Depths:2 | Lost mutation: You tend to lose your temper in combat. [a shining eye]
 52426 | Depths:2 | Gained mutation: You are frail. (-10% HP) [a shining eye]
 52429 | Depths:2 | Gained mutation: Your body sometimes deteriorates upon taking damage. [a shining eye]
 52642 | Depths:2 | Received a gift from Trog
 53677 | Depths:3 | You are sucked into a shaft for 2 floors!
 53677 | Depths:5 | Entered Level 5 of the Depths
 53788 | Depths:5 | Noticed a juggernaut
 53807 | Depths:5 | Killed a juggernaut
 54411 | Vaults:4 | You paid a toll of +2 fire dragon scales to enter a treasure trove
 54412 | Trove    | Entered a treasure trove
 54440 | Trove    | Got a smoking granite ring
 54450 | Trove    | Identified the ring "Hohegebo" {rC+ MR- Str+2 Stlth+} (You found it in a treasure trove)
 54452 | Trove    | Got a pair of heavily runed gloves
 54464 | Trove    | Identified the +3 pair of gloves of Masochism {Regen+ MP+9 Dex+2 SInv} (You found it in a treasure trove)
 54480 | Trove    | Got a clouded brass amulet
 54481 | Trove    | Identified the amulet "Digicif" {Fragile +Rage Int+3} (You found it in a treasure trove)
 54493 | Trove    | Got a pair of faintly humming gloves
 54504 | Trove    | Identified the -1 pair of gloves of the Hall of Blades {Int+2 Slay+3} (You found it in a treasure trove)
 54894 | Depths:3 | Received a gift from Trog
 54899 | Depths:3 | Reached XP level 25. HP: 159/162 MP: 29/29
 54928 | Depths:4 | Found a one-way gate to the infinite horrors of the Abyss.
 54938 | Depths:3 | Reached skill level 25 in Fighting
 55502 | Depths:4 | Found Natav's Pet Rocks.
 55571 | Depths:4 | Received a gift from Trog
 56847 | Depths:4 | Identified the Tome of Damage Dealing
 57777 | Depths:5 | Received a gift from Trog
 58377 | Depths:5 | Received a gift from Trog
 58742 | Depths:5 | Reached skill level 26 in Fighting
 58742 | Depths:5 | Reached skill level 10 in Evocations
 58742 | Depths:5 | Reached XP level 26. HP: 126/171 MP: 13/30
 58758 | Depths:5 | Found a gate to the Realm of Zot.
 59496 | Depths:5 | Received a gift from Trog
 60001 | Elf:1    | Entered Level 1 of the Elven Halls
 60389 | Elf:1    | Found Vumnenk's Food Shoppe.
 60966 | Elf:2    | Received a gift from Trog
 61231 | Elf:2    | Found a runed gate.
 61233 | Elf:2    | Found a runed gate.
 61233 | Elf:2    | Found a runed gate.
 61449 | Elf:2    | Found Wuroudah's Food Shop.
 61697 | Elf:3    | Entered Level 3 of the Elven Halls
 62384 | Elf:3    | Received a gift from Trog
 62562 | Elf:3    | Killed from afar by a deep elf sorcerer

Vault maps used:
D:1:      minmay_arrival_stair_chambers, minmay_three_crescents
D:2:      serial_forest, infiniplex_forest_end_3,
          infiniplex_forest_clump_double, infiniplex_forest_clump_small,
          infiniplex_forest_clump_curved, infiniplex_forest_3_way,
          infiniplex_forest_clump_small, infiniplex_forest_clump_small,
          infiniplex_forest_lined_room_3, infiniplex_forest_clump_C
D:3:      kennysheep_okawaru_gauntlet, first_ration, uniq_jessica
D:4:      uniq_menkaure
D:5:      minitemple, tgw_xom
D:6:      kennysheep_mini, lightli_temple_of_fire, portal_sewer_entry_d,
          trog_butcher_becter
D:7:      minmay_cornered_nines, minmay_temple_entry_from_below_b, uniq_pikel
D:8:      grunt_temple_overflow_champion_of_chaos, kennysheep_mini_moat,
          slow_altar_1, grunt_dithmenos_smoke, minmay_lair_entry_grove,
          uniq_psyche
D:9:      nicolae_ru_great_annihilating_truth, overflow_temple_1_default,
          uniq_erica
D:11:     erik_orc_2, serial_shops, shop_fountains, basic_altar,
          hangedman_fish_farm, david_defended_altar_orc
D:12:     uniq_sonja
D:14:     erik_vaults_1, serial_shops, shop, portal_ice_cave_entry_pillars_2,
          tso_altar, hangedman_decor_riveting, bh_walls_and_bars, uniq_rupert
D:15:     grunt_enter_depths_magical_seal, minmay_misc_feat_rows, spider_trap,
          nicolae_qazlal_style_of_elements
Temple:   cyrus_temple_forest
Lair:1:   wad_woods_minihive, infiniplex_staircase_pool_2
Lair:2:   minmay_swamp_entry_swarm, minmay_snake_entry_guardpost_medium,
          cheibrodos_lair_reptile_den
Lair:3:   grunt_megastairs_3, serial_bayou_shore_b
Lair:4:   cheibrodos_lair_overgrown_chateau
Lair:5:   beast_lair_carwin_large_2
Lair:6:   due_jungle_book, dpeg_slime_entry_enclosed_altar, minivault_19,
          grunt_megastairs_5, serial_bayou_shore_a
Swamp:1:  hangedman_swamp_pad, swamp_pool2, uniq_nikola
Swamp:2:  evilmike_swamp_ruin_rubble_1, swamp_pool5,
          nicolae_swamp_alligator_family, uniq_donald, uniq_louise, uniq_kirke,
          uniq_jorgrun
Swamp:3:  hangedman_swamp_ruin_wall, swamp_pool1
Swamp:4:  swamp_fiery, swamp_pool1, grunt_ruined_hall,
          infiniplex_staircase_pool, uniq_roxanne
Snake:1:  uniq_aizul
Snake:2:  st_stairs_12, hangedman_snake_thin_pillar_pass, serial_bayou_ford_a,
          hangedman_snake_corridor_cut
Snake:4:  snake_pit
Orc:1:    serial_shops, nicolae_shop_statue_plus, shop, shop, shop, basic_altar
Orc:2:    grunt_orc_community_town_hall, grunt_orc_community_big_house_2,
          grunt_orc_community_big_house_1, grunt_orc_community_house_2,
          grunt_orc_community_house_2, grunt_orc_community_house_3,
          grunt_orc_community_house_2, grunt_orc_community_house_2,
          serial_shops, shop_statue, basic_altar, nicolae_orc_flooded_monolith
Elf:1:    minmay_elf_arrival_circle, serial_shops, shop,
          minmay_elf_crystal_heptagon
Elf:2:    serial_shops, nicolae_shop_behind_doors
Elf:3:    grunt_elf_hall_diamonds
Vaults:1: nicolae_vaults_specimen_jars, nicolae_vaults_ring_of_whatevers,
          ontoclasm_vaults_twist, nicolae_vaults_rhombus_5, vaults_room_pool,
          ontoclasm_vaults_ligature, vaults_room_fours
Vaults:2: vaults_room_hallway, v_rooms_4, ontoclasm_vaults_loading_screen,
          minmay_crypt_entry_simple_corners, nicolae_vaults_little_squares_3,
          vaults_dpeg_spiral, vaults_mumra_chevron_long, v_pattern_5,
          nicolae_vaults_yaktaur_gun_rack, uniq_mennas
Vaults:3: hangedman_vaults_river_flow, vaults_mumra_hex,
          nicolae_vaults_little_squares_3, vaults_room_door_ring, v_misc_3,
          nicolae_vaults_twisting_passages, vaults_dpeg_ring,
          vaults_standard_mumra_enter_the_diamond, st_eye,
          hangedman_vaults_capsules, v_misc_22, grunt_vaults_hallway_long,
          serial_shops, shop
Vaults:4: nicolae_vaults_ninety_degrees, vaults_room_glass_cross,
          vaults_room_semicircle, vaults_dpeg_cross, v_misc_23, v_misc_27,
          v_misc_23, v_misc_5, nicolae_vaults_little_squares_3,
          ontoclasm_vaults_chip, nicolae_trove_entry_columns, uniq_boris,
          uniq_mara
Depths:1: gammafunk_corrupted_shrine, grunt_hell_entry_dis_grunt,
          kilobyte_mutagenic_chamber, minmay_shop_grove, uniq_enchantress
Depths:2: evilmike_pillar_path, enter_ziggurat_c, pan_entry,
          grunt_decor_resistance, pf_hell_entry_tar_river,
          eino_small_chamber_without_monster, minmay_staircase_windowed_large,
          uniq_saint_roka
Depths:3: lemuel_flame_loot_2, pan_entry, hex_tiny, pf_hell_entry_great_geh,
          grunt_ministairs_15, uniq_bai_suzhen, uniq_xtahua
Depths:4: lemuel_castle_with_subvaults, abyss_entry, corexii_corridor_pit,
          hell_entry, grunt_pan_entry_spiral, serial_bayou_pond_d, minivault_1,
          guppyfry_shop_earth
Depths:5: grunt_runaround, serial_shops, hell_entry
Abyss:3:  evilmike_abyss_exit_12, hangedman_summoners_spam
Trove:    trove_simple
IceCv:    ice_cave_small_dragons

Skill      XL: |  1  2  3  4  5  6  7  8  9 10 11 12 13 14 15 16 17 18 19 20 21 22 23 24 25 26 |
---------------+-------------------------------------------------------------------------------+-----
Maces & Flails | 4 5 6 7 9 10 12 13 14 16 | 16.0
Armour         | 3 4 5 7 8 9 10 11 12 14 15 16 17 18 | 18.2
Fighting       | 4 5 6 7 8 9 10 12 13 14 16 17 19 20 22 23 24 26 | 26.7
Shields        | 1 2 3 4 6 7 9 10 11 12 14 15 16 17 18 19 20 21 | 21.5
Dodging        | 3 6 7 8 9 10 | 10.5
Crossbows      | 3 5 7 8 10 | 10.0
Evocations     | 4 5 8 10 | 10.0

Action                   |  1- 3 |  4- 6 |  7- 9 | 10-12 | 13-15 | 16-18 | 19-21 | 22-24 | 25-27 || total
-------------------------+-------+-------+-------+-------+-------+-------+-------+-------+-------++-------
Melee: Mace              |   199 |    57 |       |       |       |       |       |       |       ||   256
       Flail             |       |    63 |   391 |   629 |       |       |       |       |       ||  1083
       Hunting sling     |       |    20 |       |       |       |       |       |       |       ||    20
       Morningstar       |       |       |       |   590 |  1912 |       |       |       |       ||  2502
       Eveningstar       |       |       |       |       |   129 |  1640 |   625 |  1672 |   951 ||  5017
 Fire: Hunting sling     |       |    19 |    11 |       |       |       |       |       |       ||    30
       Hand crossbow     |       |       |     5 |    18 |       |   250 |   448 |   574 |   456 ||  1751
Invok: Berserk           |     1 |     4 |     1 |     7 |    11 |     3 |       |       |     2 ||    29
       Trog's Hand       |     1 |       |     4 |     9 |     4 |     5 |       |     6 |       ||    29
       Brothers in Arms  |       |       |       |       |     1 |       |     1 |     1 |     2 ||     5
 Abil: Fly               |       |       |       |       |     1 |       |       |       |       ||     1
Evoke: Wand              |       |       |       |     5 |     1 |       |       |     6 |       ||    12
       Lightning rod     |       |       |       |       |     4 |       |       |       |       ||     4
  Use: Scroll            |     7 |     3 |     4 |     8 |    19 |    14 |     3 |    21 |     5 ||    84
       Potion            |       |     1 |       |     1 |     1 |     1 |     1 |     4 |       ||     9
 Stab: Paralysed         |       |       |       |     1 |       |       |       |       |       ||     1
       Confused          |       |       |       |       |       |     1 |       |       |       ||     1
  Eat: Chunk             |     1 |     8 |    14 |    25 |    43 |    30 |    10 |    27 |    20 ||   178
       Ration            |     1 |       |       |     3 |     3 |     6 |     2 |     4 |     2 ||    21
Armor: Animal skin       |    28 |       |       |       |       |       |       |       |       ||    28
       Leather armour    |    16 |       |       |       |       |       |       |       |       ||    16
       Ring mail         |    13 |    14 |       |       |       |       |       |       |       ||    27
       Scale mail        |       |    83 |    87 |       |       |       |       |       |       ||   170
       Chain mail        |       |       |    91 |    13 |       |       |       |       |       ||   104
       Plate armour      |       |       |       |  1112 |  1175 |   964 |   280 |   827 |   334 ||  4692
       Gold dragon scale |       |       |       |       |       |       |       |       |   151 ||   151
Dodge: Dodged            |    72 |    55 |   101 |   413 |   457 |   368 |   131 |   454 |   239 ||  2290
Block: Shield            |    16 |    80 |   203 |   940 |  1116 |    87 |       |       |       ||  2442
       Large shield      |       |       |       |       |       |  1531 |   609 |  1877 |  1109 ||  5126

Table legend:
 A = Spawn XP
 B = Non-spawn XP
 C = Spawn XP percentage of total XP
 D = Spawn monster count
 E = Non-spawn monster count
 F = Spawn count percentage of total count
 G = Total turns spent on level
                    A         B        C        D         E        F      G
               +---------+---------+-------+---------+---------+-------+---------
         Total |   14099 | 1025047 |   1.4 |      13 |    2028 |   0.6 | 62562
               +---------+---------+-------+---------+---------+-------+---------
           D:1 |       0 |      45 |   0.0 |       0 |      26 |   0.0 |   662
           D:2 |       0 |      24 |   0.0 |       0 |      10 |   0.0 |  1046
           D:3 |       0 |     379 |   0.0 |       0 |      39 |   0.0 |  1315
           D:4 |       0 |     663 |   0.0 |       0 |      20 |   0.0 |  1521
           D:5 |       0 |     517 |   0.0 |       0 |      11 |   0.0 |   833
           D:6 |       0 |    1555 |   0.0 |       0 |      28 |   0.0 |  1176
           D:7 |       0 |    2453 |   0.0 |       0 |      36 |   0.0 |  1055
           D:8 |       0 |    6746 |   0.0 |       0 |      43 |   0.0 |  1435
           D:9 |       0 |    1360 |   0.0 |       0 |      15 |   0.0 |   744
          D:10 |       0 |    1454 |   0.0 |       0 |      17 |   0.0 |   914
          D:11 |       0 |    5118 |   0.0 |       0 |      42 |   0.0 |  1648
          D:12 |       0 |    8625 |   0.0 |       0 |      33 |   0.0 |   914
          D:13 |       0 |    6444 |   0.0 |       0 |      28 |   0.0 |  1140
          D:14 |       0 |   20846 |   0.0 |       0 |      36 |   0.0 |  1650
          D:15 |       0 |   36920 |   0.0 |       0 |      69 |   0.0 |  1318
        Lair:1 |       0 |    7938 |   0.0 |       0 |      66 |   0.0 |  1718
        Lair:2 |       0 |    9400 |   0.0 |       0 |      35 |   0.0 |  1714
        Lair:3 |       0 |    6738 |   0.0 |       0 |      27 |   0.0 |   947
        Lair:4 |       0 |    6239 |   0.0 |       0 |      23 |   0.0 |  1421
        Lair:5 |       0 |    9117 |   0.0 |       0 |      26 |   0.0 |  1361
        Lair:6 |       0 |   22148 |   0.0 |       0 |      61 |   0.0 |  2883
       Swamp:1 |       0 |   20234 |   0.0 |       0 |      43 |   0.0 |  1853
       Swamp:2 |       0 |   18938 |   0.0 |       0 |      33 |   0.0 |   887
       Swamp:3 |       0 |   13019 |   0.0 |       0 |      31 |   0.0 |  1246
       Swamp:4 |       0 |   41322 |   0.0 |       0 |      80 |   0.0 |  1478
       Snake:1 |       0 |    5109 |   0.0 |       0 |      13 |   0.0 |  1072
       Snake:2 |       0 |   19208 |   0.0 |       0 |      46 |   0.0 |  1334
       Snake:3 |       0 |   13315 |   0.0 |       0 |      24 |   0.0 |  1415
       Snake:4 |       0 |   53184 |   0.0 |       0 |      92 |   0.0 |  1915
         Orc:1 |       0 |    4559 |   0.0 |       0 |      24 |   0.0 |  1091
         Orc:2 |       0 |   12416 |   0.0 |       0 |     111 |   0.0 |  1348
         Elf:1 |       0 |   27136 |   0.0 |       0 |      44 |   0.0 |  1053
         Elf:2 |       0 |   13198 |   0.0 |       0 |      22 |   0.0 |   643
         Elf:3 |       0 |   37525 |   0.0 |       0 |      40 |   0.0 |   865
      Vaults:1 |       0 |   18943 |   0.0 |       0 |      33 |   0.0 |  1358
      Vaults:2 |       0 |   63106 |   0.0 |       0 |      98 |   0.0 |  2265
      Vaults:3 |       0 |   64880 |   0.0 |       0 |      91 |   0.0 |  2464
      Vaults:4 |       0 |   80343 |   0.0 |       0 |      89 |   0.0 |  1506
      Depths:1 |       0 |   53391 |   0.0 |       0 |      77 |   0.0 |  2455
      Depths:2 |       0 |   74649 |   0.0 |       0 |      96 |   0.0 |  1731
      Depths:3 |       0 |   64880 |   0.0 |       0 |      70 |   0.0 |  1611
      Depths:4 |       0 |   65958 |   0.0 |       0 |      79 |   0.0 |  2163
      Depths:5 |       0 |   98807 |   0.0 |       0 |      75 |   0.0 |  2307
       Abyss:3 |   14099 |     791 |  94.7 |      13 |       6 |  68.4 |   181
         IceCv |       0 |    5407 |   0.0 |       0 |      20 |   0.0 |   789
               +---------+---------+-------+---------+---------+-------+---------
